 Dungeon Crawl Stone Soup version 0.28-a0-793-g31680bbd8b (webtiles) character file.

Game seed: 695886962087657419

324 cheechan the Cudgeller (level 6, -9/49 HPs)
             Began as a Formicid Chaos Knight on Nov 4, 2021.
             Was a Plaything of Xom.
             Blown up by Pargi the orb spider (35 damage)
             ... with an orb of destruction
             ... on level 3 of the Dungeon.
             The game lasted 00:07:19 (1901 turns).

cheechan the Cudgeller (Formicid Chaos Knight)      Turns: 1901, Time: 00:07:19

Health: -9/49      AC:  4    Str: 19    XL:     6   Next: 78%
Magic:  0/6        EV: 12    Int: 11    God:    Xom [.....*]
Gold:   127        SH:  0    Dex: 16    Spells: 4/5 levels left

rFire   + . .      SeeInvis +   q - +0 morningstar (spect)
rCold   + . .      Faith    .   (no shield)
rNeg    . . .      Spirit   +   g - +2 robe {rC+ rF+}
rPois   .          Reflect  .   (helmet unavailable)
rElec   .          Harm     .   (no cloak)
rCorr   .          Rampage  .   (no gloves)
Will    .....                   (no boots)
Stlth   ++........              k - amulet of guardian spirit
HPRegen 0.16/turn               e - +6 ring of dexterity
MPRegen 0.10/turn               (no ring)

@: very slightly contaminated
A: permanent stasis, dig shafts and tunnels, antennae 3, four strong arms
a: Dig, Shaft Self, Renounce Religion


You were on level 3 of the Dungeon.
You worshipped Xom.
You were Xom's teddy bear.
You visited 1 branch of the dungeon, and saw 3 of its levels.

You collected 127 gold pieces.

Inventory:

Hand Weapons
 a - a +0 mace of chaos
 c - a +0 scythe of protection
 l - a +0 whip
 m - a +0 hunting sling
 q - a +0 spectral morningstar (weapon)
Missiles
 d - 65 arrows
 f - 22 bolts
 h - 3 javelins
 i - a throwing net
 n - 56 sling bullets
 o - 2 atropa-tipped darts
 p - 19 poisoned darts
 s - 6 boomerangs
Armour
 b - a +2 leather armour
 g - a +2 robe of resistance (worn)
Jewellery
 e - a +6 ring of dexterity (left hand)
 k - an amulet of guardian spirit (around neck)
Scrolls
 j - a scroll of fog
 r - a scroll of identify


   Skills:
 + Level 4.6 Fighting
 + Level 5.5 Maces & Flails
 + Level 2.9 Armour
 + Level 2.1 Dodging
 + Level 0.6 Stealth


You had 4 spell levels left.
You knew the following spells:

 Your Spells              Type           Power      Damage    Failure   Level
a - Summon Small Mammal   Summ           0%         N/A       34%         1

Your spell library contained the following spells:

 Spells                   Type           Power      Damage    Failure   Level
 Corpse Rot               Necr/Air       0%         N/A       47%         2
 Poisonous Vapours        Pois/Air       0%         N/A       47%         2
 Call Canine Familiar     Summ           0%         N/A       71%         3
 Summon Guardian Golem    Hex/Summ       0%         N/A       71%         3


Dungeon Overview and Level Annotations

Branches:
Dungeon (3/15)

Altars:

Shops:
D:2 *

Annotations:
D:3 Pargi


Innate Abilities, Weirdness & Mutations

You cannot be hasted, slowed, berserked, paralysed or teleported.
You can dig through walls and to a lower floor.
You have a pair of large antennae on your head. (SInv)
Your four strong arms can wield two-handed weapons with a shield.


Message History

"Hum-dee-hum-dee-hum..."
Pargi evaporates and reforms as an orb spider!
The orc wizard misses you.
You sock the orc wizard!
The orc wizard is severely wounded.
Your +0 spectral morningstar hits the orc wizard!
You kill the orc wizard!
The orc wizard casts a spell at you. You resist with some effort.
The orc wizard misses you.
You miss the orc wizard.
The orc wizard is moderately wounded.
Your +0 spectral morningstar hits the orc wizard.
You hear Xom's avuncular chuckle.
The orc wizard is charmed.
Are you sure you want to stumble around while confused and next to your orc wizard? [Y]es or [N]o only, please.
Are you sure you want to stumble around while confused and next to your orc wizard? [Y]es or [N]o only, please.
Are you sure you want to stumble around while confused and next to your orc wizard?
You barely miss your orc wizard.
The orc wizard is no longer charmed.
The orc wizard is heavily wounded.
Your +0 spectral morningstar hits the orc wizard!
You kill the orc wizard!
You feel less confused.
Press: ? - help, v - describe, . - travel
Here: Pargi the orb spider The floor.
Casting: Summon Small Mammal (safe; 34% risk of failure)
Confirm with . or Enter, or press ? or * to list all spells.
You miscast Summon Small Mammal.
You are very lightly contaminated with residual magic.
Nothing appears to happen.
Casting: Summon Small Mammal (safe; 34% risk of failure)
Confirm with . or Enter, or press ? or * to list all spells.
Pargi weaves a glowing orb of energy.
An orb of destruction comes into view.
The orb of destruction hits you!!!
Ouch! That really hurt!
You die...
Xom giggles madly!

..........########...#.....#,*
>.......................)†.#,****
....##.#.#.##..#..##.#.....#,**,
##.###.#,#,##.....##.#.####...+ ,
....)#.# ......##.##.#..* *{.##
######.###.###.##.##.##.# *,.#*
.<...................#*..**,.#***
.##........#<..##.######.#*, #
.###.........#..@.........,,,* .#
##......#.#.#.☼)#####..., *
.####........#..).☼........,,
....#........#..r.○s...#...,,**
.##.#........#.........#{{,,,,, *
.##.#.########.#.#..^..#,*,,,,, *
###.#....,,,.............*,,, ,,
#.#...######.#.......### ,, * ,
#.#.#.#............#...,,,>*


You could see Pargi the orb spider (ally target) and a friendly rat (summoned).

Vanquished Creatures
  Sigmund (D:2)
  An orc priest (D:3)
  2 orc wizards (D:3)
  4 adders
  A dart slug (D:3)
  2 orcs (D:3)
  3 endoplasms
  8 hobgoblins
  3 jackals (D:2)
  4 quokkas
  5 ball pythons
  5 bats
  4 frilled lizards
  5 goblins
  8 kobolds
  7 rats
63 creatures vanquished.

Notes
Turn   | Place    | Note
-------+----------+-------------------------------------------
     0 | D:1      | cheechan the Formicid Chaos Knight began the quest for the
                  | Orb.
     0 | D:1      | Reached XP level 1. HP: 18/18 MP: 1/1
   431 | D:1      | Reached XP level 2. HP: 24/24 MP: 2/2
   555 | D:1      | Found a faded altar of an unknown god.
   660 | D:1      | XOM: god gift: 52 gold pieces
   708 | D:1      | XOM: god gift: 22 bolts
   784 | D:2      | Noticed Sigmund
   792 | D:2      | Reached skill level 1 in Dodging
   792 | D:2      | Reached XP level 3. HP: 11/30 MP: 3/3
   803 | D:2      | XOM: butterfly on damage
   809 | D:2      | XOM: cast spell 'Metabolic Englaciation'
   811 | D:2      | Killed Sigmund
   812 | D:2      | Reached skill level 4 in Maces & Flails
   812 | D:2      | Reached XP level 4. HP: 10/38 MP: 4/4
   812 | D:2      | Reached XP level 5. HP: 11/43 MP: 5/5
  1074 | D:2      | Found Jucath's Assorted Antiques.
  1199 | D:2      | Reached skill level 5 in Maces & Flails
  1199 | D:2      | Reached XP level 6. HP: 38/49 MP: 6/6
  1238 | D:2      | XOM: polymorph quokka -> kobold
  1240 | D:2      | XOM: stat loss: -1 Dex (9/10)
  1664 | D:3      | XOM: divination: magic mapping
  1715 | D:3      | Learned a level 1 spell: Summon Small Mammal
  1795 | D:3      | XOM: scenery: 3 doors open
  1886 | D:3      | Noticed Pargi
  1887 | D:3      | XOM: confuse monster(s)
  1894 | D:3      | Noticed Pargi
  1894 | D:3      | Pargi changed into Pargi the orb spider
  1894 | D:3      | XOM: polymorph Pargi -> Pargi the orb spider
  1896 | D:3      | XOM: enchant monster (good)
  1901 | D:3      | Blown up by Pargi the orb spider

Illustrated notes

Levels and vault maps discovered:
D:1:      minmay_arrival_split_and_join, layout_basic,
          chequers_ecumenical_altar_simple
D:2:      layout_loops_ring, serial_shops, shop, minivault_23, glass_columns_c,
          uniq_sigmund
D:3:      layout_basic, gammafunk_ghost_cemetery, minmay_misc_feat_more_columns,
          hangedman_decor_points, minmay_mini_jars, uniq_jessica, uniq_pargi,
          uniq_terence

Skill      XL: |  1  2  3  4  5  6 |
---------------+-------------------+-----
Dodging        | 1 2 |  2.1
Fighting       | 4 |  4.6
Maces & Flails | 4 5 |  5.5
Armour         | |  2.9
Stealth        | |  0.6

Action                   |  1- 3 |  4- 6 || total
-------------------------+-------+-------++-------
Melee: Mace              |    65 |    89 ||   154
       Morningstar       |       |    29 ||    29
 Cast: Summon Small Mamm |       |     1 ||     1
  Use: Potion            |     3 |       ||     3
       Scroll            |       |     6 ||     6
 Stab: Confused          |       |     1 ||     1
       Sleeping          |       |     1 ||     1
Armor: Leather armour    |    31 |       ||    31
       Robe              |       |    39 ||    39
Dodge: Dodged            |    52 |   125 ||   177

Table legend: (Time is in decaauts)
 A = Elapsed time spent in this place.
 B = Non-inter-level travel time spent in this place.
 C = Inter-level travel time spent in this place.
 D = Time resting spent in this place.
 E = Time spent auto-exploring this place.
 F = Levels seen in this place.
 G = Mean time per level.
                   A        B        C        D        E       F      G
               +--------+--------+--------+--------+--------+-----+--------+
         Total |   1934 |   1934 |      0 |    259 |      0 |   3 |  644.7 |
       Dungeon |   1934 |   1934 |      0 |    259 |      0 |   3 |  644.7 |
               +--------+--------+--------+--------+--------+-----+--------+

Top non-repeatable levels by time:
     D:2: 874 daAuts
     D:1: 793 daAuts
     D:3: 267 daAuts
